 Dungeon Crawl Stone Soup version 0.19.1 (webtiles) character file.

29 Gargoyl the Skirmisher (level 3, -4/29 HPs)
             Began as a Demonspawn Abyssal Knight on Nov 27, 2016.
             Was a Follower of Lugonu.
             Slain by Sigmund
             ... wielding a +4 scythe
              (6 damage)
             ... on level 2 of the Dungeon.
             The game lasted 00:02:08 (1152 turns).

Gargoyl the Skirmisher (Demonspawn Abyssal Knight)  Turns: 1152, Time: 00:02:09

Health: -4/29      AC: 16    Str: 11 (13) XL:     3   Next: 1%
Magic:  5/5        EV:  5    Int: 11 (13) God:    Lugonu [*.....]
Gold:   10         SH:  0    Dex: 11 (12) Spells: 0 memorised, 2 levels left

rFire  x . .     SeeInvis .     a - +1 hand axe
rCold  . . .     Gourm    .     f - +8 chain mail of Coronation {rElec rF- rN+}
rNeg   + . .     Faith    .     (no shield)
rPois  .         Spirit   .     (helmet restricted)
rElec  +         Reflect  .     (no cloak)
rCorr  .         Harm     .     (no gloves)
MR     .....                    (no boots)
Stlth  ..........               (no amulet)
                                (no ring)
                                (no ring)

@: no status effects
A: antennae 1, spiny 1
a: Depart the Abyss, Renounce Religion


You were on level 2 of the Dungeon.
You worshipped Lugonu.
Lugonu was aware of your devotion.
You were not hungry.

You visited 1 branch of the dungeon, and saw 2 of its levels.
You visited the Abyss 1 time.

You collected 10 gold pieces.

Inventory:

Hand Weapons
 a - a +1 hand axe (weapon)
Armour
 f - the +8 chain mail of Coronation (worn) {rElec rF- rN+}
   (You found it on level 2 of the Abyss)

   It makes you vulnerable to fire.
   It insulates you from electricity.
   It protects you from negative energy.
Scrolls
 d - a scroll of teleportation {unknown}
 g - 2 scrolls of identify {unknown}
 h - a scroll of recharging {unknown}
 j - a scroll of enchant weapon {unknown}
Comestibles
 c - a bread ration
 k - 2 chunks of flesh


   Skills:
 + Level 3.4 Fighting
 + Level 2.0 Axes
 * Level 2.2 Armour
 + Level 1.1 Dodging
 * Level 2.9 Invocations


You had 2 spell levels left.
You didn't know any spells.

Dungeon Overview and Level Annotations

Branches:
Dungeon (2/15)

Altars:

Annotations:
D:2 Sigmund


Innate Abilities, Weirdness & Mutations

You have a pair of small antennae on your head.
You are partially covered in sharp spines.


Message History

It was a potion of might.
You feel very mighty all of a sudden. Something hits you but does no damage.
It was a potion of cancellation.
Your magical effects are unravelling.
You feel magically purged.
You feel less confused.
You feel a little less mighty now. Something hits you.
* * * LOW HITPOINT WARNING * * *
You closely miss something. You hit something.
Something hits you but does no damage.
You completely miss something. Something hits you but does no damage.
You hit something.
You hear some strange, mumbled words.
Something tries to affect you, but you resist.
Your chain mail of Coronation prevents you from hitting something.
Something hits you.
* * * LOW HITPOINT WARNING * * *
You barely miss something. Something hits you.
You die...

. .. ... ♣♣
#..## P#
#...#♣♣P##
#...{?.#...
#@.......
#.#######
#.# #<# ###


There were no monsters in sight!

Vanquished Creatures
  2 dart slugs (D:1)
  4 bats (D:1)
  4 goblins (D:1)
  6 hobgoblins (D:1)
  4 kobolds (D:1)
20 creatures vanquished.

Notes
Turn   | Place    | Note
-------+----------+-------------------------------------------
     0 | Abyss:1  | Gargoyl the Demonspawn Abyssal Knight began the quest for the Orb.
     0 | Abyss:1  | Reached XP level 1. HP: 18/18 MP: 2/2
    48 | Abyss:2  | Got a translucent chain mail
    49 | D:1      | Escaped the Abyss
    60 | D:1      | Identified the +8 chain mail of Coronation {rElec rF- rN+} (You found it on level 2 of the Abyss)
   288 | D:1      | Reached * piety under Lugonu
   306 | D:1      | Reached skill level 1 in Dodging
   306 | D:1      | Gained mutation: You have a pair of small antennae on your head. [demonic ancestry]
   306 | D:1      | Reached XP level 2. HP: 24/24 MP: 3/3
   829 | D:2      | Noticed Sigmund
  1102 | D:1      | Gained mutation: You are partially covered in sharp spines. [demonic ancestry]
  1102 | D:1      | Reached XP level 3. HP: 26/29 MP: 5/5
  1152 | D:2      | Slain by Sigmund

Skill      XL: |  1  2 |
---------------+-------+-----
Dodging        | 1 |  1.1
Armour         | 2 |  2.2
Axes           | 2 |  2.0
Fighting       | |  3.4
Invocations    | |  2.9

Action                   || total
-------------------------++-------
Melee: Hand axe          ||    90
Invok: Depart the Abyss  ||     1
  Use: Potion            ||     3
  Eat: Chunk             ||     1
Armor: Chain mail        ||    67
Dodge: Dodged            ||    22
